 Dungeon Crawl Stone Soup version 0.27.1-33-g824d729ab1 (webtiles) character file.

Game seed: 9573703308367511623

5 bellerephron the Skirmisher (level 1, 0/18 HPs)
             Began as a Demonspawn Berserker on Nov 27, 2021.
             Was a Follower of Trog.
             Slain by a jackal (3 damage)
             ... on level 1 of the Dungeon.
             The game lasted 00:00:25 (51 turns).

bellerephron the Skirmisher (Demonspawn Berserker)    Turns: 51, Time: 00:00:26

Health: 0/18       AC:  2    Str: 17    XL:     1   Next: 66%
Magic:  1/1        EV: 12    Int:  8    God:    Trog [*.....]
Gold:   0          SH:  0    Dex: 12    Spells: 0/0 levels left

rFire    . . .     SeeInvis .   a - +0 hand axe
rCold    . . .     Faith    .   (no shield)
rNeg     . . .     Spirit   .   b - +0 animal skin
rPois    .         Reflect  .   (no helmet)
rElec    .         Harm     .   (no cloak)
rCorr    .         Rampage  .   (no gloves)
Will     .....                  (no boots)
Stlth    +.........             (no amulet)
HPRegen  0.06/turn              (no ring)
MPRegen  0.07/turn              (no ring)

@: on berserk cooldown, slowed, very slow
A: no striking features
a: Renounce Religion, Berserk


You were on level 1 of the Dungeon.
You worshipped Trog.
Trog was aware of your devotion.
You visited 1 branch of the dungeon, and saw 1 of its levels.

Inventory:

Hand Weapons
 a - a +0 hand axe (weapon)
Armour
 b - a +0 animal skin (worn)
Scrolls
 c - a scroll of noise {unknown}


   Skills:
 * Level 3.1 Fighting
 * Level 2.8 Axes
 + Level 1.8 Armour
 + Level 1.8 Dodging


You couldn't memorise any spells.
You didn't know any spells.
Your spell library was empty.

Dungeon Overview and Level Annotations

Branches:
Dungeon (1/15)

Altars:


Message History

You barely miss the jackal. x2; You hit the jackal.
The jackal bites you but does no damage.
The jackal barely misses you. x2; The jackal bites you.
The jackal bites you but does no damage.
A ball python comes into view.
The jackal bites you. The jackal misses you. The jackal barely misses you.
The jackal misses you.
The ball python moves out of view.
Unknown command.
You barely miss the ball python. You barely miss the jackal.
You hit the jackal but do no damage. You hit the jackal.
The jackal barely misses you. x3; The ball python barely misses you.
The ball python closely misses you.
An endoplasm comes into view.
The jackal barely misses you. The jackal completely misses you.
The jackal barely misses you. The ball python barely misses you. x2
Unknown command.
You closely miss the ball python. You barely miss the jackal. x2
You hit the jackal but do no damage.
The jackal bites you but does no damage.
The jackal closely misses you. x2; The ball python misses you.
The ball python barely misses you. The jackal barely misses you.
The jackal closely misses you.
The jackal bites you but does no damage.
The ball python bites you.
* * * LOW HITPOINT WARNING * * *
The ball python closely misses you.
Unknown command.
You slash the ball python!
You kill the ball python!
Trog accepts your kill.
You hit the jackal. You closely miss the jackal. You hit the jackal.
You kill the jackal!
Trog accepts your kill.
You hit the endoplasm but do no damage.
The jackal bites you but does no damage.
The jackal closely misses you. The jackal misses you. The endoplasm hits you.
* * * LOW HITPOINT WARNING * * *
The jackal misses you. The jackal completely misses you.
The endoplasm misses you. The jackal bites you.
You die...

#.... #.# ##.. ... .
.....##.####..###.. .)
.................# ...
................. ....
#...............
..>..#####..............
......h†J.[.†...........
.....Sh@...).....†..#...
.....####.............##
### #........#####.....
#........# ###...
#)...##.... #...
###.#######. ##.. ... #
#.. ### .... ##...


You could see an endoplasm, 2 jackals and a ball python.

Vanquished Creatures
  2 ball pythons (D:1)
  2 jackals (D:1)
  A quokka (D:1)
  A kobold (D:1)
  A rat (D:1)
7 creatures vanquished.

Notes
Turn   | Place    | Note
-------+----------+-------------------------------------------
     0 | D:1      | bellerephron the Demonspawn Berserker began the quest for
                  | the Orb.
     0 | D:1      | Reached XP level 1. HP: 18/18 MP: 1/1
    51 | D:1      | Slain by a jackal

Illustrated notes

Levels and vault maps discovered:
D:1:      amcnicky_arrival_underground_garden, layout_rooms,
          hellmonk_ecumenical_altar_dog_temple, minmay_box_of_dots

Action                   || total
-------------------------++-------
Melee: Hand axe          ||    16
Invok: Berserk           ||     1
Armor: Animal skin       ||     9
Dodge: Dodged            ||    42
